 Dungeon Crawl Stone Soup version 0.29.0-4-gdea44cf6ec (webtiles) character file.

Game seed: 4494663472340764418

625 qw the Grappler (level 7, -14/67 HPs)
             Began as a Troll Cinder Acolyte on Sept 2, 2022.
             Was an Elder of Ignis.
             Demolished by a two-headed ogre
             ... wielding a +0 giant club
              (21 damage)
             ... on level 5 of the Dungeon.
             The game lasted 00:01:21 (3012 turns).

qw the Grappler (Troll Cinder Acolyte)              Turns: 3012, Time: 00:01:22

Health: -14/67     AC: 13    Str: 25    XL:     7   Next: 23%
Magic:  7/7        EV:  9    Int: 10    God:    Ignis [****..]
Gold:   184        SH:  0    Dex:  5    Spells: 8/8 levels left

rFire   + . .      SeeInvis .     - Unarmed
rCold   . . .      Faith    .   (no shield)
rNeg    . . .      Spirit   .   a - +0 robe
rPois   .          Reflect  .   h - +1 hat
rElec   .          Harm     .   g - +0 cloak
rCorr   .          Rampage  .   (gloves unavailable)
Will    .....                   (boots unavailable)
Stlth   +.........              (no amulet)
HPRegen 1.01/turn               (no ring)
MPRegen 0.10/turn               (no ring)

@: about to teleport, fiery-armoured
A: large, unfitting armour, claws 3, regeneration 1, shaggy fur 1, tough skin 1
a: Renounce Religion, Fiery Armour, Foxfire Swarm, Rising Flame


You were on level 5 of the Dungeon.
You worshipped Ignis.
Ignis was greatly pleased with you.
You visited 1 branch of the dungeon, and saw 5 of its levels.

You collected 208 gold pieces.
You spent 24 gold pieces at shops.


Innate Abilities, Weirdness & Mutations

You are too large for most types of armour.
You have claws for hands.
Your natural rate of healing is unusually fast.
You are covered in fur. (AC +1)
You have tough skin. (AC +1)


   Skills:
 - Level 3.0 Fighting
 + Level 8.2 Unarmed Combat
 - Level 1.0 Spellcasting
 - Level 2.1 Fire Magic


You had 8 spell levels left.
You didn't know any spells.
Your spell library contained the following spells:

 Spells                   Type           Power      Damage    Failure   Level
 Scorch                   Fire           8%         2d5       22%         2

Inventory:

Armour
 a - a +0 robe (worn)
 g - a +0 cloak (worn)
 h - a +1 hat (worn)
Scrolls
 i - 2 scrolls of identify
 j - 2 scrolls of enchant weapon
Potions
 b - a potion of flight {unknown}
 c - a potion of cancellation {unknown}
 d - a potion of might
 e - 2 potions of curing
 f - a potion of ambrosia {unknown}

Dungeon Overview and Level Annotations

Branches:
Dungeon (5/15)
 Temple: D:4-7

Altars:
Hepliaklqana

Shops:
D:1 *


Message History

A gnoll and an adder come into view.
The gnoll shouts!
The adder hisses angrily.
A two-headed ogre comes into view. It is wielding two +0 giant clubs.
Enter note: A gnoll comes into view. It is wielding a +0 whip.
The gnoll shouts!
You hear a shout!
The adder bites you but does no damage. The adder bites you.
You mangle the adder!!
You kill the adder!
3005 ||| Stepping ~*~*~tactically~*~*~ (hiding).
You start resting.
HP restored.
You start waiting.
A gnoll is nearby!
A gnoll comes into view. It is wielding a +0 club.
The gnoll shouts!
You hear a shout!
The gnoll closely misses you.
A gnoll comes into view. It is wielding a +0 flail.
You hear a shout!
You claw the two-headed ogre!
The two-headed ogre is lightly wounded.
You hear a shout!
The two-headed ogre hits you with a +0 giant club!!
The two-headed ogre hits you with a +0 giant club!
The gnoll hits you from afar with a +0 spear.
3010 ||| INVOKING Fiery Armour.
A protective cloak of flame settles atop you.
The gnoll misses you.
You claw the two-headed ogre!
The two-headed ogre is heavily wounded.
The two-headed ogre hits you but does no damage.
The two-headed ogre is burned by your cloak of flames.
The two-headed ogre is heavily wounded.
The two-headed ogre hits you with a +0 giant club!!
The gnoll hits you but does no damage.
3012 ||| READING scroll of teleportation.
As you read the scroll of teleportation, it crumbles to dust.
You feel strangely unstable.
The two-headed ogre hits you with a +0 giant club!!
You die...

#.##...#
#<######
#..... #.#
#.... #.#
##..# #.#
##.#.####.#
#.........#
#.###.######
##.#######
#.g@.....#
......O#####.#
#####gg# #.g#
#..# #..# #...
...


You could see a two-headed ogre and 4 gnolls.

Vanquished Creatures
  Menkaure (D:4)
  Duvessa (D:4)
  A sky beast (D:4)
  Dowan (D:4)
  2 orc priests (D:3)
  An orc wizard (D:3)
  Natasha (thrice) (D:4)
  6 adders
  2 dart slugs (D:1)
  An orc (D:3)
  3 ball pythons
  2 bats
  4 endoplasms
  2 giant cockroaches (D:3)
  5 goblins
  3 hobgoblins
  3 jackals (D:1)
  4 quokkas
  2 frilled lizards (D:2)
  6 kobolds
  2 rats
55 creatures vanquished.

Notes
Turn   | Place    | Note
-------+----------+-------------------------------------------
     0 | D:1      | qw the Troll Cinder Acolyte began the quest for the Orb.
     0 | D:1      | Reached XP level 1. HP: 22/22 MP: 1/1
     0 | D:1      | 0 ||| qw: Version: 0.1-a-97-g2dd2ca4
     0 | D:1      | 0 ||| qw: Game counter: 4952
     0 | D:1      | 0 ||| qw: Always use a shield: true
     0 | D:1      | 0 ||| qw: God list: Okawaru
     0 | D:1      | 0 ||| qw: Allow faded altars: false
     0 | D:1      | 0 ||| qw: Do Orc after D:15 true
     0 | D:1      | 0 ||| qw: Do second Lair branch before Depths: true
     0 | D:1      | 0 ||| qw: Lair rune preference: random
     0 | D:1      | 0 ||| qw: Plans: Normal
     0 | D:1      | 0 ||| PLANNING D:1-11
   180 | D:1      | 180 ||| INVOKING Fiery Armour.
   190 | D:1      | Reached XP level 2. HP: 24/29 MP: 2/2
   259 | D:1      | 259 ||| Stepping ~*~*~tactically~*~*~ (stealth).
   800 | D:1      | Found Ybruawn's Assorted Antiques.
   805 | D:1      | 805 ||| SHOPLISTING 2 silvery potions (43 gold, have 33).
   805 | D:1      | 805 ||| BUYING scroll labelled DOQOUCV BIDDI (24 gold).
   805 | D:1      | Bought a scroll labelled DOQOUCV BIDDI for 24 gold pieces
   805 | D:1      | 805 ||| SHOPLISTING scroll labelled ROAPHA KUER (24 gold,
                  | have 9).
   805 | D:1      | 805 ||| SHOPLISTING scroll labelled XUJIARO NYKAFE (24
                  | gold, have 9).
   805 | D:1      | 805 ||| SHOPLISTING smoky emerald potion (21 gold, have 9).
   883 | D:1      | 883 ||| READING scroll labelled YTIWUD GAPPA.
   888 | D:1      | 888 ||| READING scroll labelled WATHAG GIUPAAT.
   889 | D:1      | 889 ||| READING scroll labelled ZUTA VIUWKISAR.
   890 | D:1      | 890 ||| READING scroll labelled MOATUL WEURGH.
   891 | D:1      | 891 ||| READING scroll labelled DOQOUCV BIDDI.
   962 | D:2      | Reached skill level 4 in Unarmed Combat
   971 | D:2      | Reached XP level 3. HP: 36/36 MP: 3/3
   990 | D:2      | 990 ||| Stepping ~*~*~tactically~*~*~ (stealth).
   991 | D:2      | 991 ||| Stepping ~*~*~tactically~*~*~ (stealth).
   992 | D:2      | 992 ||| Stepping ~*~*~tactically~*~*~ (stealth).
   993 | D:2      | 993 ||| Stepping ~*~*~tactically~*~*~ (stealth).
   994 | D:2      | 994 ||| Stepping ~*~*~tactically~*~*~ (stealth).
  1040 | D:2      | 1040 ||| Stepping ~*~*~tactically~*~*~ (hiding).
  1041 | D:2      | 1041 ||| Stepping ~*~*~tactically~*~*~ (hiding).
  1042 | D:2      | 1042 ||| Stepping ~*~*~tactically~*~*~ (hiding).
  1054 | D:2      | 1054 ||| Stepping ~*~*~tactically~*~*~ (stealth).
  1126 | D:2      | 1126 ||| Stepping ~*~*~tactically~*~*~ (stealth).
  1140 | D:2      | 1140 ||| Stepping ~*~*~tactically~*~*~ (stealth).
  1164 | D:2      | Found a faded altar of an unknown god.
  1308 | D:2      | 1308 ||| UPGRADING to +1 hat.
  1313 | D:2      | 1313 ||| READING scroll labelled XUJIARO NYKAFE.
  1314 | D:2      | 1314 ||| READING scroll labelled MIGAPI WIVOWK.
  1315 | D:2      | 1315 ||| DRINKING 2 fuming coppery potions.
  1316 | D:2      | 1316 ||| DRINKING 3 bubbling brown potions.
  1317 | D:2      | 1317 ||| DROPPING 2 potions of brilliance.
  1347 | D:3      | 1347 ||| STAIRDANCE
  1514 | D:3      | 1514 ||| INVOKING Fiery Armour.
  1518 | D:3      | Reached skill level 5 in Unarmed Combat
  1518 | D:3      | Reached XP level 4. HP: 44/44 MP: 4/4
  1521 | D:3      | 1521 ||| Stepping ~*~*~tactically~*~*~ (outnumbered).
  1522 | D:3      | 1522 ||| Stepping ~*~*~tactically~*~*~ (outnumbered).
  1529 | D:3      | Reached XP level 5. HP: 50/50 MP: 5/5
  1770 | D:3      | 1770 ||| UPGRADING to +0 cloak.
  1775 | D:3      | 1775 ||| READING 2 scrolls labelled JUTHI SEAD.
  1776 | D:3      | 1776 ||| READING 2 scrolls labelled ROAPHA KUER.
  1777 | D:3      | 1777 ||| READING scroll labelled BUITHR QOHULOWI.
  1778 | D:3      | 1778 ||| READING scroll labelled ZOV ITOYCAT.
  1779 | D:3      | 1779 ||| READING scroll labelled ODWOTU YTES.
  1780 | D:3      | 1780 ||| DROPPING scroll of butterflies.
  1781 | D:3      | 1781 ||| Stepping randomly (stuck).
  1782 | D:3      | 1782 ||| Stepping ~*~*~tactically~*~*~ (cloud).
  1815 | D:4      | Noticed Natasha
  1822 | D:4      | Killed Natasha
  1823 | D:4      | Reached skill level 6 in Unarmed Combat
  1955 | D:4      | 1955 ||| Stepping ~*~*~tactically~*~*~ (stealth).
  1960 | D:4      | 1960 ||| Stepping ~*~*~tactically~*~*~ (stealth).
  2079 | D:4      | Found a hazy altar of Hepliaklqana.
  2108 | D:4      | Noticed Menkaure
  2109 | D:4      | 2109 ||| Stepping ~*~*~tactically~*~*~ (hiding).
  2116 | D:4      | Killed Menkaure
  2117 | D:4      | Reached skill level 7 in Unarmed Combat
  2117 | D:4      | Reached XP level 6. HP: 40/59 MP: 6/6
  2267 | D:4      | Noticed Duvessa
  2269 | D:4      | Noticed Dowan
  2270 | D:4      | 2270 ||| INVOKING Fiery Armour.
  2277 | D:4      | Killed Duvessa
  2284 | D:4      | Killed Dowan
  2352 | D:4      | Noticed a sky beast
  2363 | D:4      | Killed a sky beast
  2364 | D:4      | Reached skill level 8 in Unarmed Combat
  2364 | D:4      | Reached XP level 7. HP: 66/66 MP: 7/7
  2690 | D:4      | Noticed Natasha
  2691 | D:4      | 2691 ||| Stepping ~*~*~tactically~*~*~ (stealth).
  2695 | D:4      | Killed Natasha
  2820 | D:4      | Noticed Natasha
  2825 | D:4      | Killed Natasha
  2932 | D:5      | Entered Level 5 of the Dungeon
  2989 | D:5      | Reached skill level 3 in Fighting
  3002 | D:5      | Noticed a two-headed ogre
  3005 | D:5      | 3005 ||| Stepping ~*~*~tactically~*~*~ (hiding).
  3010 | D:5      | 3010 ||| INVOKING Fiery Armour.
  3011 | D:5      | HP: 6/67 [two-headed ogre/+0 giant club (23)]
  3012 | D:5      | 3012 ||| READING scroll of teleportation.
  3012 | D:5      | Demolished by a two-headed ogre

Levels and vault maps discovered:
D:1:      dpeg_arrival_shrine, layout_basic, serial_shops, shop
D:2:      layout_rooms, ebering_ecumenical_altar_rust, minmay_misc_feat_plants
D:3:      layout_rooms
D:4:      layout_loops_corners, nzn_hepliaklqana_mist_gate,
          minmay_misc_feat_secret_circle, uniq_duvessa, uniq_natasha,
          uniq_menkaure
D:5:      layout_loops_corners, zin_treasury

Skill      XL: |  1  2  3  4  5  6  7 |
---------------+----------------------+-----
Unarmed Combat | 4 5 7 8 |  8.2
Fighting       | 3 |  3.0
Spellcasting   | |  1.0
Fire Magic     | |  2.1

Action                   |  1- 3 |  4- 6 |  7- 9 || total
-------------------------+-------+-------+-------++-------
Melee: Unarmed           |    83 |    39 |    18 ||   140
Invok: Fiery Armour      |     2 |     1 |     1 ||     4
  Use: Scroll            |     7 |     5 |     1 ||    13
       Potion            |     2 |       |       ||     2
 Stab: Distracted        |     1 |       |       ||     1
Armor: Robe              |    27 |    21 |     8 ||    56
Dodge: Dodged            |    31 |    13 |     5 ||    49

Table legend:
 A = Non-vault XP
 B = Vault XP
 C = Vault XP percentage of total XP
 D = Non-vault monster count
 E = Vault monster count
 F = Vault count percentage of total count
                 A         B        C        D         E       F
            +---------+---------+-------+---------+---------+-------
      Total |     480 |     414 |  46.3 |      51 |       4 |   7.3
            +---------+---------+-------+---------+---------+-------
        D:1 |      27 |       0 |   0.0 |      13 |       0 |   0.0
        D:2 |      43 |       0 |   0.0 |      12 |       0 |   0.0
        D:3 |     151 |       0 |   0.0 |      14 |       0 |   0.0
        D:4 |     232 |     414 |  64.1 |      10 |       4 |  28.6
        D:5 |      27 |       0 |   0.0 |       2 |       0 |   0.0
            +---------+---------+-------+---------+---------+-------
